Panthers vs Penguins
(R1)
Created - April 6, 2023 at 23:48
Goals
|
| Panthers |
0 |
0 |
4 |
4 |
| Penguins |
1 |
2 |
2 |
5 |
|
Shots
|
| Panthers |
4 |
7 |
17 |
28 |
| Penguins |
5 |
9 |
18 |
32 |
|
1st period
1. Penguins , Anze Kopitar 17 (Brendan Gallagher 28) at 15:55
Penalties :
Jamie Benn (Pit) for Hooking (Minor) at 2:33, Keith Aulie (Pit) for High sticking (Minor) at 7:05, Derek Stepan (Pit) for High sticking (Minor) at 17:27, Peter Mueller (Flo) for Interference (Minor) at 19:56
2nd period
2. Penguins , Nick Leddy 4 (JT Compher 7, Jamie Benn 16) at 12:47
3. Penguins , Jamie Benn 18 (Tomas Nosek 6) at 16:19
Penalties :
Alex Goligoski (Flo) for Holding (Minor) at 4:57, Jason Spezza (Flo) for Interference (Minor) at 13:18, Kris Versteeg (Flo) for Roughing (Minor) at 16:25, Jamie Benn (Pit) for Slashing (Minor) at 18:55
3rd period
4. Panthers , Jason Spezza 19 (Alex Goligoski 35, Miro Aaltonen 26) at 0:06 (PP)
5. Panthers , Jason Spezza 20 (Alex Iafallo 8, Will Butcher 18) at 6:01 (PP)
6. Penguins , Oscar Klefbom 5 (Jamie Benn 17, Derek Stepan 35) at 6:29
7. Panthers , Alex Iafallo 8 (Morgan Ellis 7) at 8:20
8. Penguins , Marcus Johansson 25 (Marcus Foligno 20, Keith Aulie 26) at 16:39
9. Panthers , Quinton Howden 4 (Chris Bourque 19, Alex Goligoski 36) at 18:18 (PP)
Penalties :
Justin Schultz (Pit) for Roughing (Minor) at 5:49, Anze Kopitar (Pit) for Slashing (Minor) at 17:42, Keith Aulie (Pit) for Tripping (Minor) at 19:08
Goalie Stats
Viktor Fasth (Flo), 15 saves from 19 shots - (0.789), 46:29 minutes
Ville Husso (Flo), 12 saves from 13 shots - (0.923), L, 4-8-4, 12:21 minutes
Jonathan Quick (Pit), 24 saves from 28 shots - (0.857), W, 21-12-6, 60:00 minutes
Players Stats for Panthers
Player Name G A P +/- PIM S H SB GA TA FO MP PP MP PK MP
------------------------------------------------------------------------------------
Alex Goligoski 0 2 2 -3 2 1 0 0 2 0 0/0 25:44 5:14 2:30
Alex Iafallo 1 1 2 0 0 3 2 0 0 0 0/0 19:13 4:41 2:51
Alexander Semin 0 0 0 0 0 2 3 0 1 0 0/0 13:20 0:00 1:59
Cameron Gaunce 0 0 0 -3 0 0 1 1 1 2 0/0 21:37 3:33 1:16
Chris Bourque 0 1 1 -4 0 4 2 0 0 1 1/2 18:04 4:06 0:03
Daultan Leveillé 0 0 0 0 0 0 1 0 0 0 3/8 15:21 0:00 3:34
Jason Spezza 2 0 2 0 2 4 4 1 1 0 0/0 16:21 4:41 0:00
Jerry D'Amigo 0 0 0 0 0 0 1 0 0 0 0/0 6:20 0:00 0:00
Josh Jooris 0 0 0 0 0 3 1 0 1 0 0/0 11:20 0:00 0:00
Kris Versteeg 0 0 0 -4 2 0 0 0 2 0 0/0 21:03 4:06 3:03
Miro Aaltonen 0 1 1 0 0 0 1 0 0 0 12/20 17:08 4:41 0:46
Morgan Ellis 0 1 1 1 0 0 2 2 0 1 0/0 15:56 0:00 4:03
Niklas Hansson 0 0 0 1 0 0 0 3 0 0 0/0 16:08 0:00 4:15
Peter Mueller 0 0 0 -4 2 1 3 0 0 1 15/29 17:13 0:00 3:23
Quinton Howden 1 0 1 0 0 3 1 0 0 0 2/4 10:09 4:06 0:13
Shea Weber 0 0 0 -2 0 2 1 6 0 0 0/0 20:45 3:17 3:48
Thomas Vanek 0 0 0 0 0 2 0 0 1 0 0/0 6:28 0:00 0:00
Will Butcher 0 1 1 -2 0 3 1 1 1 0 0/0 19:50 5:30 0:00
Players Stats for Penguins
Player Name G A P +/- PIM S H SB GA TA FO MP PP MP PK MP
------------------------------------------------------------------------------------
Anze Kopitar 1 0 1 1 2 2 0 1 0 1 21/40 23:11 4:20 4:47
Ben Lovejoy 0 0 0 3 0 1 1 0 0 1 0/0 11:41 0:00 1:32
Brendan Gallagher 0 1 1 1 0 3 0 0 1 0 0/3 18:22 4:20 0:00
Cal Clutterbuck 0 0 0 0 0 1 0 1 0 0 0/1 11:59 0:03 5:23
Danny DeKeiser 0 0 0 1 0 2 3 4 0 1 0/0 29:06 4:43 5:49
Derek Stepan 0 1 1 1 2 2 0 0 0 0 3/7 15:32 3:33 1:10
Jamie Benn 1 2 3 2 4 4 1 0 1 1 0/1 13:14 0:03 0:45
JT Compher 0 1 1 2 0 1 0 0 0 0 0/0 11:22 0:00 0:00
Justin Schultz 0 0 0 0 2 1 0 1 0 2 0/0 20:46 3:13 3:24
Keith Aulie 0 1 1 1 4 2 4 1 0 1 0/0 27:46 4:43 3:51
Marcus Foligno 0 1 1 1 0 3 3 0 1 2 0/0 17:19 3:33 2:26
Marcus Johansson 1 0 1 1 0 3 0 0 0 1 0/0 14:49 4:20 0:13
Nick Leddy 1 0 1 3 0 2 0 0 0 0 0/0 10:19 0:00 0:12
Oscar Klefbom 1 0 1 0 0 4 1 4 1 0 0/0 20:26 3:13 2:46
Pavel Zacha 0 0 0 0 0 0 0 0 1 0 0/0 6:02 0:00 0:00
Sebastian Aho 0 0 0 0 0 1 0 0 0 0 3/3 6:41 0:03 0:24
Timo Meier 0 0 0 1 0 0 3 0 0 0 0/0 17:42 3:33 0:00
Tomas Nosek 0 1 1 2 0 0 3 0 0 0 3/8 14:49 0:00 2:26
3 Stars
1 - Jason Spezza (Flo)
2 - Jamie Benn (Pit)
3 - Nick Leddy (Pit)
Power Play
Panthers - 3 on 7 Attempt(s) - 42.86%
Penguins - 0 on 4 Attempt(s) - 0.00%
Penalty Kill
Panthers - 4 on 4 Attempt(s) - 100.00%
- Score 0 goal in Penalty Kill
Penguins - 4 on 7 Attempt(s) - 57.14%
- Score 0 goal in Penalty Kill
Team Stat
Panthers - Hits : 24 - Faceoff Wins : 33 - Blocked Shots : 14 - Penalty Minutes : 8
Penguins - Hits : 19 - Faceoff Wins : 30 - Blocked Shots : 12 - Penalty Minutes : 14
Official
Referees : Eric Furlatt and Tom Chmielewski
Linesman : Steve Barton and Jesse Marquis
Game Notes
Ville Husso enters game at 6:29 of 3rd period
Finance
Level 1 -- Attendance: 5646 (94.10%) -- Ticket Income $564,600
Level 2 -- Attendance: 4881 (97.62%) -- Ticket Income $292,860
Level 3 -- Attendance: 1785 (89.25%) -- Ticket Income $62,475
Level 4 -- Attendance: 3876 (96.90%) -- Ticket Income $96,900
Luxury Box -- Attendance: 1000 (100.00%) -- Ticket Income $200,000
Game was played at the PPG Paint Arena.
Total Attendance: 17188 (95.49%)
Total Ticket Income: $1,216,835
Other Income: $182,525
Total Income: $1,399,360
Panthers
5 vs 5 Forward
Center Left Wing Right Wing Time % Phy DF OF
1 Peter Mueller Chris Bourque Kris Versteeg 40 1 2 2
2 Miro Aaltonen Alex Iafallo Jason Spezza 30 1 2 2
3 Daultan Leveillé Alexander Semin Josh Jooris 20 1 2 2
4 Quinton Howden Thomas Vanek Jerry D'Amigo 10 1 2 2
5 vs 5 Defense
Defense Defense Time % Phy DF OF
1 Alex Goligoski Cameron Gaunce 40 1 2 2
2 Will Butcher Shea Weber 30 1 2 2
3 Niklas Hansson Morgan Ellis 20 1 2 2
4 Alex Goligoski Cameron Gaunce 10 1 2 2
PowerPlay Forward
Center Left Wing Right Wing Time % Phy DF OF
1 Miro Aaltonen Alex Iafallo Jason Spezza 60 1 2 2
2 Quinton Howden Chris Bourque Kris Versteeg 40 1 2 2
PowerPlay Defense
Defense Defense Time % Phy DF OF
1 Alex Goligoski Will Butcher 60 1 2 2
2 Shea Weber Cameron Gaunce 40 1 2 2
Penalty Kill 4 Players Forward
Center Wing Time % Phy DF OF
1 Peter Mueller Kris Versteeg 60 1 2 2
2 Daultan Leveillé Alexander Semin 40 1 2 2
Penalty Kill 4 Players Defense
Defense Defense Time % Phy DF OF
1 Niklas Hansson Morgan Ellis 60 1 2 2
2 Alex Goligoski Shea Weber 40 1 2 2
Penalty Kill - 3 Players Forward
Forward Time % Phy DF OF
1 Peter Mueller 60 1 2 2
2 Kris Versteeg 40 1 2 2
Penalty Kill - 3 Players Defense
Defense Defense Time % Phy DF OF
1 Niklas Hansson Morgan Ellis 60 1 2 2
2 Alex Goligoski Shea Weber 40 1 2 2
4 vs 4 Forward
Center Wing Time % Phy DF OF
1 Miro Aaltonen Kris Versteeg 60 1 2 2
2 Jason Spezza Alex Iafallo 40 1 2 2
4 vs 4 Defense
Defense Defense Time % Phy DF OF
1 Alex Goligoski Cameron Gaunce 60 1 2 2
2 Will Butcher Shea Weber 40 1 2 2
Last Minutes Offensive
Center Left Wing Right Wing Defense Defense
Miro Aaltonen Alex Iafallo Jason Spezza Alex Goligoski Will Butcher
Last Minutes Defensive
Center Left Wing Right Wing Defense Defense
Peter Mueller Alexander Semin Kris Versteeg Niklas Hansson Morgan Ellis
Goaltenders
Starting : Viktor Fasth
Backup : Ville Husso
Extra Forwards
Normal : Alex Iafallo, Thomas Vanek, Miro Aaltonen - PP : Alexander Semin, Thomas Vanek - PK : Peter Mueller
Extra Defensemen
Normal : Will Butcher, Alex Goligoski, Shea Weber - PP : Will Butcher - PK : Alex Goligoski, Niklas Hansson
Penalty Shots
Alexander Semin, Kris Versteeg, Peter Mueller, Miro Aaltonen, Alex Iafallo
Scratches
Brian Flynn (Healthy)
Penguins
5 vs 5 Forward
Center Left Wing Right Wing Time % Phy DF OF
1 Anze Kopitar Timo Meier Brendan Gallagher 40 1 2 2
2 Derek Stepan Marcus Johansson Marcus Foligno 30 1 2 2
3 Tomas Nosek Jamie Benn JT Compher 20 1 2 2
4 Sebastian Aho Pavel Zacha Cal Clutterbuck 10 1 2 2
5 vs 5 Defense
Defense Defense Time % Phy DF OF
1 Danny DeKeiser Keith Aulie 40 1 2 2
2 Oscar Klefbom Justin Schultz 30 1 2 2
3 Nick Leddy Ben Lovejoy 20 1 2 2
4 Danny DeKeiser Keith Aulie 10 1 2 2
PowerPlay Forward
Center Left Wing Right Wing Time % Phy DF OF
1 Anze Kopitar Marcus Johansson Brendan Gallagher 60 1 2 2
2 Derek Stepan Timo Meier Marcus Foligno 40 1 2 2
PowerPlay Defense
Defense Defense Time % Phy DF OF
1 Danny DeKeiser Keith Aulie 60 1 2 2
2 Oscar Klefbom Justin Schultz 40 1 2 2
Penalty Kill 4 Players Forward
Center Wing Time % Phy DF OF
1 Anze Kopitar Cal Clutterbuck 60 1 2 2
2 Tomas Nosek Marcus Foligno 40 1 2 2
Penalty Kill 4 Players Defense
Defense Defense Time % Phy DF OF
1 Danny DeKeiser Keith Aulie 60 1 2 2
2 Oscar Klefbom Justin Schultz 40 1 2 2
Penalty Kill - 3 Players Forward
Forward Time % Phy DF OF
1 Cal Clutterbuck 60 1 2 2
2 Tomas Nosek 40 1 2 2
Penalty Kill - 3 Players Defense
Defense Defense Time % Phy DF OF
1 Danny DeKeiser Keith Aulie 60 1 2 2
2 Oscar Klefbom Justin Schultz 40 1 2 2
4 vs 4 Forward
Center Wing Time % Phy DF OF
1 Anze Kopitar Brendan Gallagher 60 1 2 2
2 Derek Stepan Marcus Johansson 40 1 2 2
4 vs 4 Defense
Defense Defense Time % Phy DF OF
1 Danny DeKeiser Keith Aulie 60 1 2 2
2 Oscar Klefbom Justin Schultz 40 1 2 2
Last Minutes Offensive
Center Left Wing Right Wing Defense Defense
Anze Kopitar Timo Meier Brendan Gallagher Danny DeKeiser Keith Aulie
Last Minutes Defensive
Center Left Wing Right Wing Defense Defense
Tomas Nosek Jamie Benn Cal Clutterbuck Danny DeKeiser Keith Aulie
Goaltenders
Starting : Jonathan Quick
Backup : Andrei Vasilevskiy
Extra Forwards
Normal : Brendan Gallagher, Marcus Johansson, Cal Clutterbuck - PP : Brendan Gallagher, Marcus Johansson - PK : Anze Kopitar
Extra Defensemen
Normal : Danny DeKeiser, Justin Schultz, Ben Lovejoy - PP : Nick Leddy - PK : Danny DeKeiser, Justin Schultz
Penalty Shots
Anze Kopitar, Derek Stepan, Brendan Gallagher, Marcus Johansson, Timo Meier
Scratches
Brandon Tanev (Healthy)
% Time on Ice - Panthers
Lines # - Real PCT - Wanted PCT - Time Play
Normal Forward
1 - 34% - 40% - 14:34
2 - 25% - 30% - 10:47
3 - 26% - 20% - 11:20
4 - 15% - 10% - 6:20
Normal Defense
1 - 41% - 40% - 17:30
2 - 34% - 30% - 14:49
3 - 24% - 20% - 10:08
4 - 1% - 10% - 0:34
PP Forward
1 - 53% - 60% - 4:41
2 - 47% - 40% - 4:06
PP Defense
1 - 63% - 60% - 5:30
2 - 37% - 40% - 3:17
PK Forward
1 - 82% - 60% - 6:32
2 - 18% - 40% - 1:24
PK Defense
1 - 51% - 60% - 4:03
2 - 49% - 40% - 3:53
PK3 Forward
1 - 0% - 60%
2 - 0% - 40%
PK3 Defense
1 - 0% - 60%
2 - 0% - 40%
44 Forward
1 - 0% - 60%
2 - 0% - 40%
44 Defense
1 - 0% - 60%
2 - 0% - 40%
Last Minute Offensive - 0:16
Last Minute Defensive - 0:00
Total
Forward - 60:00
Defense - 60:00
|
% Time on Ice - Penguins
Lines # - Real PCT - Wanted PCT - Time Play
Normal Forward
1 - 33% - 40% - 14:17
2 - 26% - 30% - 11:20
3 - 26% - 20% - 11:22
4 - 14% - 10% - 6:02
Normal Defense
1 - 43% - 40% - 18:29
2 - 33% - 30% - 14:03
3 - 21% - 20% - 9:07
4 - 3% - 10% - 1:22
PP Forward
1 - 55% - 60% - 4:23
2 - 45% - 40% - 3:33
PP Defense
1 - 59% - 60% - 4:43
2 - 41% - 40% - 3:13
PK Forward
1 - 72% - 60% - 6:21
2 - 28% - 40% - 2:26
PK Defense
1 - 69% - 60% - 6:01
2 - 31% - 40% - 2:46
PK3 Forward
1 - 0% - 60%
2 - 0% - 40%
PK3 Defense
1 - 0% - 60%
2 - 0% - 40%
44 Forward
1 - 0% - 60%
2 - 0% - 40%
44 Defense
1 - 0% - 60%
2 - 0% - 40%
Last Minute Offensive - 0:00
Last Minute Defensive - 0:16
Total
Forward - 60:00
Defense - 60:00
|
Play-by-Play
1st period
0:01 of 1st period - Peter Mueller wins face-off versus Anze Kopitar in neutral zone.
0:15 of 1st period - Wrist shot by Timo Meier.
0:15 of 1st period - Shot Misses the Net.
0:50 of 1st period - Snap shot by Josh Jooris.
0:50 of 1st period - Shot Blocked by Justin Schultz.
1:00 of 1st period - Daultan Leveillé is hit by Oscar Klefbom and loses puck.
1:37 of 1st period - Brendan Gallagher is hit by Chris Bourque and loses puck.
2:16 of 1st period - Danny DeKeiser is hit by Daultan Leveillé and loses puck.
2:25 of 1st period - Snap shot by Josh Jooris.
2:25 of 1st period - Shot Misses the Net.
2:33 of 1st period - Minor Penalty to Jamie Benn for Hooking.
2:34 of 1st period - Anze Kopitar wins face-off versus Miro Aaltonen in Penguins zone.
2:34 of 1st period - Anze Kopitar is hit by Miro Aaltonen.
3:44 of 1st period - Will Butcher is hit by Tomas Nosek and loses puck.
4:15 of 1st period - Cameron Gaunce is hit by Danny DeKeiser and loses puck.
4:33 of 1st period - Penalty to Jamie Benn is over, Jamie Benn is back on ice.
4:41 of 1st period - Tomas Nosek is hit by Alexander Semin and loses puck.
5:31 of 1st period - Icing by Cal Clutterbuck.
5:32 of 1st period - Sebastian Aho wins face-off versus Peter Mueller in Penguins zone.
5:49 of 1st period - Justin Schultz is hit by Jason Spezza and loses puck.
6:10 of 1st period - Wrist shot by Quinton Howden.
6:10 of 1st period - Stopped by Jonathan Quick without a rebound.
6:11 of 1st period - Tomas Nosek wins face-off versus Peter Mueller in Penguins zone.
6:17 of 1st period - Peter Mueller is hit by Danny DeKeiser and loses puck.
6:59 of 1st period - Brendan Gallagher is hit by Alexander Semin and loses puck.
7:05 of 1st period - Minor Penalty to Keith Aulie for High sticking.
7:06 of 1st period - Miro Aaltonen wins face-off versus Anze Kopitar in Penguins zone.
7:50 of 1st period - Justin Schultz is hit by Quinton Howden and loses puck.
8:27 of 1st period - Jason Spezza is hit by Marcus Foligno and loses puck.
9:05 of 1st period - Penalty to Keith Aulie is over, Keith Aulie is back on ice.
9:45 of 1st period - Ben Lovejoy is hit by Morgan Ellis and loses puck.
10:02 of 1st period - Keith Aulie is hit by Cameron Gaunce and loses puck.
10:33 of 1st period - Alexander Semin is hit by Jamie Benn and loses puck.
11:40 of 1st period - Slapshot by Cal Clutterbuck.
11:40 of 1st period - Shot Blocked by Niklas Hansson.
11:52 of 1st period - Chris Bourque is hit by Timo Meier and loses puck.
12:31 of 1st period - Miro Aaltonen is hit by Keith Aulie and loses puck.
13:40 of 1st period - Wrist shot by Derek Stepan.
13:40 of 1st period - Stopped by Viktor Fasth with a rebound.
13:42 of 1st period - Wrist shot by Derek Stepan.
13:42 of 1st period - Shot Misses the Net.
13:44 of 1st period - Slapshot by Marcus Johansson.
13:44 of 1st period - Shot Misses the Net.
13:54 of 1st period - Morgan Ellis is hit by Tomas Nosek and loses puck.
14:01 of 1st period - Snap shot by Jamie Benn.
14:01 of 1st period - Stopped by Viktor Fasth without a rebound.
14:02 of 1st period - Miro Aaltonen wins face-off versus Anze Kopitar in Panthers zone.
14:09 of 1st period - Snap shot by Miro Aaltonen.
14:09 of 1st period - Shot Hit the Post.
14:11 of 1st period - Wrist shot by Jason Spezza.
14:11 of 1st period - Shot Blocked by Oscar Klefbom.
14:13 of 1st period - Slapshot by Shea Weber.
14:13 of 1st period - Shot Blocked by Anze Kopitar.
15:07 of 1st period - Snap shot by Quinton Howden.
15:07 of 1st period - Shot Blocked by Danny DeKeiser.
15:09 of 1st period - Wrist shot by Thomas Vanek.
15:09 of 1st period - Stopped by Jonathan Quick with a rebound.
15:11 of 1st period - Wrist shot by Jerry D'Amigo.
15:11 of 1st period - Shot Misses the Net.
15:13 of 1st period - Snap shot by Quinton Howden.
15:13 of 1st period - Stopped by Jonathan Quick with a rebound.
15:15 of 1st period - Snap shot by Cameron Gaunce.
15:15 of 1st period - Shot Blocked by Keith Aulie.
15:43 of 1st period - Slapshot by Keith Aulie.
15:43 of 1st period - Shot Blocked by Niklas Hansson.
15:45 of 1st period - Slapshot by Keith Aulie.
15:45 of 1st period - Shot Blocked by Morgan Ellis.
15:47 of 1st period - Wrist shot by Marcus Foligno.
15:47 of 1st period - Shot Misses the Net.
15:49 of 1st period - Slapshot by Marcus Foligno.
15:49 of 1st period - Stopped by Viktor Fasth with a rebound.
15:51 of 1st period - Slapshot by Marcus Foligno.
15:51 of 1st period - Deflect By Alexander Semin.
15:51 of 1st period - Shot Blocked by Morgan Ellis.
15:51 of 1st period - Puck is out of play.
15:52 of 1st period - Anze Kopitar wins face-off versus Peter Mueller in Panthers zone.
15:55 of 1st period - Snap shot by Anze Kopitar.
15:55 of 1st period - Goal by Anze Kopitar - Panthers : 0 - Penguins : 1.
15:56 of 1st period - Anze Kopitar wins face-off versus Peter Mueller in neutral zone.
16:27 of 1st period - Jamie Benn is hit by Peter Mueller and loses puck.
16:32 of 1st period - Backhand shot by Chris Bourque.
16:32 of 1st period - Stopped by Jonathan Quick without a rebound.
16:33 of 1st period - Miro Aaltonen wins face-off versus Anze Kopitar in Penguins zone.
17:27 of 1st period - Minor Penalty to Derek Stepan for High sticking.
17:28 of 1st period - Anze Kopitar wins face-off versus Miro Aaltonen in Penguins zone.
17:53 of 1st period - Cal Clutterbuck is hit by Chris Bourque and loses puck.
18:00 of 1st period - Snap shot by Kris Versteeg.
18:00 of 1st period - Deflect By Chris Bourque.
18:00 of 1st period - Shot Blocked by Oscar Klefbom.
18:00 of 1st period - Puck is out of play.
18:01 of 1st period - Anze Kopitar wins face-off versus Miro Aaltonen in Penguins zone.
18:15 of 1st period - Snap shot by Chris Bourque.
18:15 of 1st period - Shot Blocked by Danny DeKeiser.
18:25 of 1st period - Wrist shot by Quinton Howden.
18:25 of 1st period - Shot Misses the Net.
19:07 of 1st period - Icing by Will Butcher.
19:08 of 1st period - Quinton Howden wins face-off versus Jamie Benn in Panthers zone.
19:13 of 1st period - Wrist shot by Jamie Benn.
19:13 of 1st period - Shot Misses the Net.
19:27 of 1st period - Penalty to Derek Stepan is over, Derek Stepan is back on ice.
19:51 of 1st period - Snap shot by Jamie Benn.
19:51 of 1st period - Stopped by Viktor Fasth without a rebound.
19:52 of 1st period - Tomas Nosek wins face-off versus Peter Mueller in Panthers zone.
19:56 of 1st period - Minor Penalty to Peter Mueller for Interference.
19:57 of 1st period - Daultan Leveillé wins face-off versus Anze Kopitar in Panthers zone.
Goals for this period are 0 for Panthers vs 1 for Penguins.
Shots for this period are 4 for Panthers vs 5 for Penguins.
2nd period
0:01 of 2nd period - Anze Kopitar wins face-off versus Daultan Leveillé in neutral zone.
0:10 of 2nd period - Slapshot by Brendan Gallagher.
0:10 of 2nd period - Shot Misses the Net.
0:12 of 2nd period - Slapshot by Danny DeKeiser.
0:12 of 2nd period - Shot Misses the Net.
0:26 of 2nd period - Niklas Hansson is hit by Marcus Foligno and loses puck.
1:19 of 2nd period - Shea Weber is hit by Timo Meier and loses puck.
1:56 of 2nd period - Penalty to Peter Mueller is over, Peter Mueller is back on ice.
2:47 of 2nd period - Tomas Nosek is hit by Jerry D'Amigo.
3:17 of 2nd period - Snap shot by Miro Aaltonen.
3:17 of 2nd period - Shot Misses the Net.
3:23 of 2nd period - Snap shot by Alex Iafallo.
3:23 of 2nd period - Shot Blocked by Oscar Klefbom.
3:35 of 2nd period - Alexander Semin is hit by Timo Meier and loses puck.
3:57 of 2nd period - Justin Schultz is hit by Shea Weber and loses puck.
4:15 of 2nd period - Wrist shot by Alex Iafallo.
4:15 of 2nd period - Shot Misses the Net.
4:27 of 2nd period - Keith Aulie is hit by Peter Mueller and loses puck.
4:47 of 2nd period - Slapshot by Will Butcher.
4:47 of 2nd period - Stopped by Jonathan Quick without a rebound.
4:48 of 2nd period - Sebastian Aho wins face-off versus Daultan Leveillé in Penguins zone.
4:48 of 2nd period - Sebastian Aho is hit by Alexander Semin.
4:57 of 2nd period - Minor Penalty to Alex Goligoski for Holding.
4:58 of 2nd period - Peter Mueller wins face-off versus Anze Kopitar in Panthers zone.
5:32 of 2nd period - Slapshot by Danny DeKeiser.
5:32 of 2nd period - Shot Blocked by Shea Weber.
5:34 of 2nd period - Snap shot by Marcus Foligno.
5:34 of 2nd period - Stopped by Viktor Fasth with a rebound.
6:57 of 2nd period - Penalty to Alex Goligoski is over, Alex Goligoski is back on ice.
7:21 of 2nd period - Nick Leddy is hit by Alex Iafallo and loses puck.
7:36 of 2nd period - Slapshot by Alex Goligoski.
7:36 of 2nd period - Shot Blocked by Cal Clutterbuck.
8:11 of 2nd period - Icing by Morgan Ellis.
8:12 of 2nd period - Quinton Howden wins face-off versus Tomas Nosek in Panthers zone.
8:12 of 2nd period - Quinton Howden is hit by Tomas Nosek.
8:18 of 2nd period - JT Compher is hit by Josh Jooris.
8:22 of 2nd period - Slapshot by Oscar Klefbom.
8:22 of 2nd period - Stopped by Viktor Fasth without a rebound.
8:23 of 2nd period - Anze Kopitar wins face-off versus Daultan Leveillé in Panthers zone.
8:42 of 2nd period - Snap shot by Alexander Semin.
8:42 of 2nd period - Shot Blocked by Oscar Klefbom.
9:01 of 2nd period - Slapshot by Alexander Semin.
9:01 of 2nd period - Stopped by Jonathan Quick with a rebound.
9:03 of 2nd period - Slapshot by Cameron Gaunce.
9:03 of 2nd period - Deflect By Alexander Semin.
9:03 of 2nd period - Shot Misses the Net.
9:03 of 2nd period - Puck is out of play.
9:04 of 2nd period - Peter Mueller wins face-off versus Anze Kopitar in Penguins zone.
9:07 of 2nd period - Backhand shot by Will Butcher.
9:07 of 2nd period - Stopped by Jonathan Quick without a rebound.
9:08 of 2nd period - Anze Kopitar wins face-off versus Peter Mueller in Penguins zone.
9:08 of 2nd period - Anze Kopitar is hit by Will Butcher.
9:24 of 2nd period - Slapshot by Brendan Gallagher.
9:24 of 2nd period - Shot Blocked by Shea Weber.
9:35 of 2nd period - Off-side.
9:36 of 2nd period - Derek Stepan wins face-off versus Miro Aaltonen in neutral zone.
9:52 of 2nd period - Snap shot by Jason Spezza.
9:52 of 2nd period - Shot Misses the Net.
10:25 of 2nd period - Slapshot by Justin Schultz.
10:25 of 2nd period - Shot Blocked by Will Butcher.
10:27 of 2nd period - Snap shot by Jamie Benn.
10:27 of 2nd period - Stopped by Viktor Fasth with a rebound.
10:29 of 2nd period - Snap shot by Tomas Nosek.
10:29 of 2nd period - Shot Misses the Net.
10:33 of 2nd period - Wrist shot by Jamie Benn.
10:33 of 2nd period - Shot Blocked by Shea Weber.
10:51 of 2nd period - Snap shot by Will Butcher.
10:51 of 2nd period - Stopped by Jonathan Quick with a rebound.
11:02 of 2nd period - Miro Aaltonen is hit by Keith Aulie and loses puck.
11:57 of 2nd period - Snap shot by Alexander Semin.
11:57 of 2nd period - Shot Misses the Net.
12:45 of 2nd period - Snap shot by JT Compher.
12:45 of 2nd period - Shot Misses the Net.
12:47 of 2nd period - Slapshot by Nick Leddy.
12:47 of 2nd period - Goal by Nick Leddy - Panthers : 0 - Penguins : 2.
12:48 of 2nd period - Peter Mueller wins face-off versus Anze Kopitar in neutral zone.
13:03 of 2nd period - Slapshot by Kris Versteeg.
13:03 of 2nd period - Shot Misses the Net.
13:05 of 2nd period - Backhand shot by Peter Mueller.
13:05 of 2nd period - Stopped by Jonathan Quick without a rebound.
13:06 of 2nd period - Derek Stepan wins face-off versus Miro Aaltonen in Penguins zone.
13:08 of 2nd period - Keith Aulie is hit by Jason Spezza and loses puck.
13:18 of 2nd period - Minor Penalty to Jason Spezza for Interference.
13:19 of 2nd period - Peter Mueller wins face-off versus Anze Kopitar in Panthers zone.
13:29 of 2nd period - Brendan Gallagher is hit by Morgan Ellis and loses puck.
15:18 of 2nd period - Penalty to Jason Spezza is over, Jason Spezza is back on ice.
15:46 of 2nd period - Snap shot by Sebastian Aho.
15:46 of 2nd period - Stopped by Viktor Fasth without a rebound.
15:47 of 2nd period - Sebastian Aho wins face-off versus Quinton Howden in Panthers zone.
15:54 of 2nd period - Wrist shot by Cal Clutterbuck.
15:54 of 2nd period - Stopped by Viktor Fasth with a rebound.
15:56 of 2nd period - Snap shot by Pavel Zacha.
15:56 of 2nd period - Shot Misses the Net.
16:14 of 2nd period - Peter Mueller is hit by Danny DeKeiser and loses puck.
16:19 of 2nd period - Wrist shot by Jamie Benn.
16:19 of 2nd period - Goal by Jamie Benn - Panthers : 0 - Penguins : 3.
16:20 of 2nd period - Anze Kopitar wins face-off versus Peter Mueller in neutral zone.
16:23 of 2nd period - Slapshot by Danny DeKeiser.
16:23 of 2nd period - Deflect By Alex Goligoski.
16:23 of 2nd period - Stopped by Viktor Fasth with a rebound.
16:25 of 2nd period - Minor Penalty to Kris Versteeg for Roughing.
16:26 of 2nd period - Peter Mueller wins face-off versus Anze Kopitar in Panthers zone.
16:41 of 2nd period - Snap shot by Brendan Gallagher.
16:41 of 2nd period - Shot Misses the Net.
16:43 of 2nd period - Wrist shot by Marcus Johansson.
16:43 of 2nd period - Stopped by Viktor Fasth without a rebound.
16:44 of 2nd period - Peter Mueller wins face-off versus Derek Stepan in Panthers zone.
18:25 of 2nd period - Penalty to Kris Versteeg is over, Kris Versteeg is back on ice.
18:37 of 2nd period - Snap shot by Thomas Vanek.
18:37 of 2nd period - Stopped by Jonathan Quick without a rebound.
18:38 of 2nd period - Peter Mueller wins face-off versus Tomas Nosek in Penguins zone.
18:41 of 2nd period - Snap shot by Kris Versteeg.
18:41 of 2nd period - Shot Misses the Net.
18:55 of 2nd period - Minor Penalty to Jamie Benn for Slashing.
18:56 of 2nd period - Miro Aaltonen wins face-off versus Anze Kopitar in Penguins zone.
19:05 of 2nd period - Snap shot by Jason Spezza.
19:05 of 2nd period - Stopped by Jonathan Quick with a rebound.
Goals for this period are 0 for Panthers vs 2 for Penguins.
Shots for this period are 7 for Panthers vs 9 for Penguins.
3rd period
0:01 of 3rd period - Miro Aaltonen wins face-off versus Cal Clutterbuck in neutral zone.
0:06 of 3rd period - Wrist shot by Jason Spezza.
0:06 of 3rd period - Goal by Jason Spezza - Panthers : 1 - Penguins : 3.
0:07 of 3rd period - Anze Kopitar wins face-off versus Peter Mueller in neutral zone.
0:37 of 3rd period - Slapshot by Alex Iafallo.
0:37 of 3rd period - Stopped by Jonathan Quick with a rebound.
0:43 of 3rd period - Snap shot by Alex Iafallo.
0:43 of 3rd period - Stopped by Jonathan Quick with a rebound.
0:59 of 3rd period - Wrist shot by Alexander Semin.
0:59 of 3rd period - Shot Blocked by Danny DeKeiser.
1:01 of 3rd period - Slapshot by Niklas Hansson.
1:01 of 3rd period - Shot Blocked by Danny DeKeiser.
1:10 of 3rd period - Icing by JT Compher.
1:11 of 3rd period - Anze Kopitar wins face-off versus Quinton Howden in Penguins zone.
1:16 of 3rd period - Slapshot by Danny DeKeiser.
1:16 of 3rd period - Shot Misses the Net.
1:18 of 3rd period - Slapshot by Brendan Gallagher.
1:18 of 3rd period - Shot Blocked by Shea Weber.
1:20 of 3rd period - Slapshot by Danny DeKeiser.
1:20 of 3rd period - Deflect By Will Butcher.
1:20 of 3rd period - Stopped by Viktor Fasth without a rebound.
1:21 of 3rd period - Peter Mueller wins face-off versus Brendan Gallagher in Panthers zone.
1:25 of 3rd period - Icing by Shea Weber.
1:26 of 3rd period - Anze Kopitar wins face-off versus Chris Bourque in Panthers zone.
1:27 of 3rd period - Slapshot by Brendan Gallagher.
1:27 of 3rd period - Shot Blocked by Shea Weber.
2:16 of 3rd period - Wrist shot by Jamie Benn.
2:16 of 3rd period - Shot Misses the Net.
2:34 of 3rd period - Snap shot by Anze Kopitar.
2:34 of 3rd period - Shot Misses the Net.
2:36 of 3rd period - Slapshot by Ben Lovejoy.
2:36 of 3rd period - Stopped by Viktor Fasth without a rebound.
2:37 of 3rd period - Peter Mueller wins face-off versus Anze Kopitar in Panthers zone.
2:37 of 3rd period - Peter Mueller is hit by Ben Lovejoy.
2:49 of 3rd period - Snap shot by Anze Kopitar.
2:49 of 3rd period - Shot Misses the Net.
2:51 of 3rd period - Slapshot by Nick Leddy.
2:51 of 3rd period - Stopped by Viktor Fasth without a rebound.
2:52 of 3rd period - Miro Aaltonen wins face-off versus Anze Kopitar in Panthers zone.
2:57 of 3rd period - Anze Kopitar is hit by Jason Spezza and loses puck.
3:06 of 3rd period - Slapshot by Keith Aulie.
3:06 of 3rd period - Shot Blocked by Niklas Hansson.
3:20 of 3rd period - Snap shot by Oscar Klefbom.
3:20 of 3rd period - Stopped by Viktor Fasth without a rebound.
3:21 of 3rd period - Peter Mueller wins face-off versus Tomas Nosek in Panthers zone.
3:53 of 3rd period - Snap shot by Alexander Semin.
3:53 of 3rd period - Stopped by Jonathan Quick without a rebound.
3:54 of 3rd period - Miro Aaltonen wins face-off versus Brendan Gallagher in Penguins zone.
3:59 of 3rd period - Snap shot by Jason Spezza.
3:59 of 3rd period - Shot Misses the Net.
4:03 of 3rd period - Snap shot by Alex Iafallo.
4:03 of 3rd period - Shot Misses the Net.
4:05 of 3rd period - Snap shot by Jason Spezza.
4:05 of 3rd period - Stopped by Jonathan Quick without a rebound.
4:06 of 3rd period - Anze Kopitar wins face-off versus Peter Mueller in Penguins zone.
4:35 of 3rd period - Oscar Klefbom is hit by Jason Spezza and loses puck.
4:40 of 3rd period - Slapshot by Derek Stepan.
4:40 of 3rd period - Shot Blocked by Jason Spezza.
4:53 of 3rd period - Off-side.
4:54 of 3rd period - Tomas Nosek wins face-off versus Daultan Leveillé in neutral zone.
5:26 of 3rd period - Wrist shot by Niklas Hansson.
5:26 of 3rd period - Deflect By Josh Jooris.
5:26 of 3rd period - Stopped by Jonathan Quick without a rebound.
5:27 of 3rd period - Anze Kopitar wins face-off versus Peter Mueller in Penguins zone.
5:27 of 3rd period - Anze Kopitar is hit by Peter Mueller.
5:49 of 3rd period - Minor Penalty to Justin Schultz for Roughing.
5:50 of 3rd period - Miro Aaltonen wins face-off versus Anze Kopitar in Penguins zone.
5:55 of 3rd period - Snap shot by Jason Spezza.
5:55 of 3rd period - Shot Misses the Net.
6:01 of 3rd period - Snap shot by Jason Spezza.
6:01 of 3rd period - Goal by Jason Spezza - Panthers : 2 - Penguins : 3.
6:02 of 3rd period - Peter Mueller wins face-off versus Anze Kopitar in neutral zone.
6:27 of 3rd period - Snap shot by Jamie Benn.
6:27 of 3rd period - Shot Blocked by Cameron Gaunce.
6:29 of 3rd period - Wrist shot by Oscar Klefbom.
6:29 of 3rd period - Deflect By Alex Goligoski.
6:29 of 3rd period - Goal by Oscar Klefbom - Panthers : 2 - Penguins : 4.
6:29 of 3rd period - Ville Husso enters game.
6:30 of 3rd period - Anze Kopitar wins face-off versus Peter Mueller in neutral zone.
7:29 of 3rd period - Wrist shot by Daultan Leveillé.
7:29 of 3rd period - Deflect By Josh Jooris.
7:29 of 3rd period - Stopped by Jonathan Quick without a rebound.
7:30 of 3rd period - Peter Mueller wins face-off versus Brendan Gallagher in Penguins zone.
7:43 of 3rd period - Backhand shot by Chris Bourque.
7:43 of 3rd period - Stopped by Jonathan Quick with a rebound.
7:45 of 3rd period - Snap shot by Peter Mueller.
7:45 of 3rd period - Shot Misses the Net.
7:47 of 3rd period - Slapshot by Shea Weber.
7:47 of 3rd period - Stopped by Jonathan Quick without a rebound.
7:48 of 3rd period - Miro Aaltonen wins face-off versus Derek Stepan in Penguins zone.
8:20 of 3rd period - Slapshot by Alex Iafallo.
8:20 of 3rd period - Goal by Alex Iafallo - Panthers : 3 - Penguins : 4.
8:21 of 3rd period - Chris Bourque wins face-off versus Anze Kopitar in neutral zone.
8:47 of 3rd period - Snap shot by Josh Jooris.
8:47 of 3rd period - Stopped by Jonathan Quick with a rebound.
8:55 of 3rd period - Icing by Daultan Leveillé.
8:56 of 3rd period - Daultan Leveillé wins face-off versus Derek Stepan in Panthers zone.
9:45 of 3rd period - Slapshot by Oscar Klefbom.
9:45 of 3rd period - Stopped by Ville Husso with a rebound.
9:47 of 3rd period - Slapshot by Justin Schultz.
9:47 of 3rd period - Stopped by Ville Husso without a rebound.
9:48 of 3rd period - Anze Kopitar wins face-off versus Miro Aaltonen in Panthers zone.
9:51 of 3rd period - Snap shot by Brendan Gallagher.
9:51 of 3rd period - Stopped by Ville Husso with a rebound.
9:53 of 3rd period - Snap shot by Brendan Gallagher.
9:53 of 3rd period - Shot Misses the Net.
9:55 of 3rd period - Wrist shot by Keith Aulie.
9:55 of 3rd period - Stopped by Ville Husso without a rebound.
9:56 of 3rd period - Peter Mueller wins face-off versus Anze Kopitar in Panthers zone.
9:58 of 3rd period - Icing by Will Butcher.
9:59 of 3rd period - Anze Kopitar wins face-off versus Peter Mueller in Panthers zone.
10:00 of 3rd period - Wrist shot by Brendan Gallagher.
10:00 of 3rd period - Stopped by Ville Husso without a rebound.
10:01 of 3rd period - Anze Kopitar wins face-off versus Peter Mueller in Panthers zone.
10:04 of 3rd period - Wrist shot by Anze Kopitar.
10:04 of 3rd period - Stopped by Ville Husso with a rebound.
10:14 of 3rd period - Wrist shot by Brendan Gallagher.
10:14 of 3rd period - Stopped by Ville Husso with a rebound.
10:16 of 3rd period - Snap shot by Keith Aulie.
10:16 of 3rd period - Stopped by Ville Husso without a rebound.
10:17 of 3rd period - Miro Aaltonen wins face-off versus Derek Stepan in Panthers zone.
10:55 of 3rd period - Snap shot by Chris Bourque.
10:55 of 3rd period - Stopped by Jonathan Quick with a rebound.
12:14 of 3rd period - Off-side.
12:15 of 3rd period - Miro Aaltonen wins face-off versus Anze Kopitar in neutral zone.
13:12 of 3rd period - Wrist shot by JT Compher.
13:12 of 3rd period - Stopped by Ville Husso with a rebound.
13:14 of 3rd period - Snap shot by Tomas Nosek.
13:14 of 3rd period - Shot Misses the Net.
13:45 of 3rd period - Jason Spezza is hit by Marcus Foligno and loses puck.
13:52 of 3rd period - Derek Stepan is hit by Alex Iafallo and loses puck.
14:31 of 3rd period - Snap shot by Chris Bourque.
14:31 of 3rd period - Deflect By Ben Lovejoy.
14:31 of 3rd period - Stopped by Jonathan Quick with a rebound.
14:33 of 3rd period - Slapshot by Shea Weber.
14:33 of 3rd period - Stopped by Jonathan Quick with a rebound.
14:35 of 3rd period - Slapshot by Shea Weber.
14:35 of 3rd period - Shot Misses the Net.
15:16 of 3rd period - Snap shot by Marcus Johansson.
15:16 of 3rd period - Stopped by Ville Husso without a rebound.
15:17 of 3rd period - Anze Kopitar wins face-off versus Peter Mueller in Panthers zone.
15:54 of 3rd period - Snap shot by Josh Jooris.
15:54 of 3rd period - Shot Misses the Net.
16:32 of 3rd period - Alex Goligoski is hit by Keith Aulie and loses puck.
16:37 of 3rd period - Slapshot by Marcus Foligno.
16:37 of 3rd period - Stopped by Ville Husso with a rebound.
16:39 of 3rd period - Slapshot by Marcus Johansson.
16:39 of 3rd period - Goal by Marcus Johansson - Panthers : 3 - Penguins : 5.
16:40 of 3rd period - Peter Mueller wins face-off versus Anze Kopitar in neutral zone.
17:14 of 3rd period - Slapshot by Derek Stepan.
17:14 of 3rd period - Stopped by Ville Husso with a rebound.
17:16 of 3rd period - Snap shot by Derek Stepan.
17:16 of 3rd period - Shot Misses the Net.
17:18 of 3rd period - Slapshot by Marcus Foligno.
17:18 of 3rd period - Deflect By Derek Stepan.
17:18 of 3rd period - Shot Misses the Net.
17:18 of 3rd period - Puck is out of play.
17:19 of 3rd period - Anze Kopitar wins face-off versus Daultan Leveillé in Panthers zone.
17:20 of 3rd period - Wrist shot by Brendan Gallagher.
17:20 of 3rd period - Shot Blocked by Shea Weber.
17:42 of 3rd period - Minor Penalty to Anze Kopitar for Slashing.
17:43 of 3rd period - Derek Stepan wins face-off versus Miro Aaltonen in Penguins zone.
18:18 of 3rd period - Backhand shot by Quinton Howden.
18:18 of 3rd period - Goal by Quinton Howden - Panthers : 4 - Penguins : 5.
18:19 of 3rd period - Daultan Leveillé wins face-off versus Tomas Nosek in neutral zone.
18:50 of 3rd period - Panthers, Ville Husso is pulled from the net.
18:52 of 3rd period - Slapshot by Alex Goligoski.
18:52 of 3rd period - Stopped by Jonathan Quick without a rebound.
18:53 of 3rd period - Alain Vigneault call a timeout for Panthers.
18:53 of 3rd period - Miro Aaltonen wins face-off versus Tomas Nosek in Penguins zone.
18:53 of 3rd period - Miro Aaltonen is hit by Keith Aulie.
19:08 of 3rd period - Minor Penalty to Keith Aulie for Tripping.
19:09 of 3rd period - Anze Kopitar wins face-off versus Miro Aaltonen in Penguins zone.
Goals for this period are 4 for Panthers vs 2 for Penguins.
Shots for this period are 17 for Panthers vs 18 for Penguins.